 Dungeon Crawl Stone Soup version 0.23-a0-299-g9a66eeb (webtiles) character file.

27205 Kidiri the Covert (level 13, -5/63 HPs)
             Began as a Spriggan Enchanter on Oct 6, 2018.
             Was a Priest of Dithmenos.
             Slain by a six-headed hydra (13 damage)
             ... on level 2 of the Lair of Beasts.
             The game lasted 00:56:41 (18591 turns).

Kidiri the Covert (Spriggan Enchanter)             Turns: 18591, Time: 00:56:42

Health: -5/63      AC:  9    Str:  4    XL:     13   Next: 3%
Magic:  15/28      EV: 29    Int: 19    God:    Dithmenos [***...]
Gold:   950        SH: 10    Dex: 26    Spells: 8/32 levels left

rFire    . . .     SeeInvis +   w - +2 rapier
rCold    . . .     Gourm    .   A - +2 buckler
rNeg     . . .     Faith    .   b - +1 robe
rPois    +         Spirit   .   (helmet restricted)
rElec    +         Reflect  .   v - +1 cloak
rCorr    .         Harm     .   (gloves unavailable)
MR       ++...                  (boots unavailable)
Stlth    +++++++++.             (no amulet)
HPRegen  0.20/turn              y - ring "Dici" {rElec AC+4 Dex+7}
MPRegen  0.21/turn              x - ring of poison resistance

@: wreathed by umbra, very quick
A: very small, unfitting armour, see invisible, herbivore, speed 3, slow
metabolism 2
a: Shadow Step, Renounce Religion


You were on level 2 of the Lair of Beasts.
You worshipped Dithmenos.
Dithmenos was most pleased with you.
You were not hungry.

You visited 3 branches of the dungeon, and saw 14 of its levels.
You also visited: Volcano.

You collected 950 gold pieces.

Inventory:

Hand Weapons
 w - a +2 rapier (weapon)
 L - a +1 dagger
Armour
 b - a +1 robe (worn)
 v - a +1 cloak (worn)
 A - a +2 buckler (worn)
Jewellery
 c - an uncursed ring of magical power
 t - a +5 ring of evasion
 x - a ring of poison resistance (right hand)
 y - the ring "Dici" (left hand) {rElec AC+4 Dex+7}
   (You found it on level 8 of the Dungeon)

   [ring of protection]

   It affects your AC (+4).
   It affects your dexterity (+7).
   It insulates you from electricity.
Wands
 e - a wand of polymorph (42)
 p - a wand of acid (10)
 q - a wand of enslavement (24)
 u - a wand of iceblast (2)
 E - a wand of scattershot (6)
 F - a wand of paralysis (2)
 M - a wand of random effects (55)
Scrolls
 f - 4 scrolls of remove curse
 l - a scroll of amnesia
 m - 2 scrolls of fog
 z - 3 scrolls of teleportation
 C - a scroll of magic mapping {unknown}
 H - 2 scrolls of summoning
Potions
 a - 3 potions of haste {unknown}
 g - 4 potions of curing
 h - 2 potions of berserk rage
 i - 2 potions of resistance
 j - 2 potions of flight
 k - 7 potions of brilliance
 n - 2 potions of heal wounds
 o - 5 potions of lignification
 r - 2 potions of might
 s - 2 potions of agility
 B - 3 potions of cancellation
 D - a potion of invisibility
 N - 4 potions of mutation
Comestibles
 d - 9 rations


   Skills:
 + Level 5.3 Fighting
 * Level 10.5 Short Blades
 + Level 3.4 Armour
 + Level 10.0 Dodging
 * Level 14.5 Stealth
 + Level 3.2 Shields
 * Level 10.1 Spellcasting
 + Level 3.3 Conjurations
 + Level 8.8 Hexes
 + Level 5.4 Ice Magic
 + Level 2.1 Air Magic
 + Level 2.2 Poison Magic


You had 8 spell levels left.
You knew the following spells:

 Your Spells              Type           Power        Failure   Level  Hunger
a - Corona                Hex            #####..      1%          1    None
b - Ensorcelled Hibernat  Hex/Ice        #####.       1%          2    None
c - Confuse               Hex            #####...     1%          3    None
d - Tukima's Dance        Hex            #####...     1%          3    None
e - Dazzling Spray        Conj/Hex       ####..       2%          3    None
f - Conjure Flame         Conj/Fire      ###.....     14%         3    None
g - Mephitic Cloud        Conj/Pois/Air  ###.....     10%         3    None
h - Freezing Cloud        Conj/Ice/Air   ###.......   97%         6    ######.

Your spell library contained the following spells:

 Spells                   Type           Power        Failure   Level  Hunger
 Confusing Touch          Hex            #####.       1%          1    None
 Poisonous Vapours        Pois/Air       ###...       6%          2    None
 Metabolic Englaciation   Hex/Ice        #####.....   14%         5    #####..
 Gell's Gravitas          Tloc           #.........   28%         3    None
 Yara's Violent Unravell  Hex/Tmut       ####......   41%         5    #####..
 Petrify                  Tmut/Erth      #.......     67%         4    ##.....
 Ring of Flames           Chrm/Fire      #.........   100%        7    #######


Dungeon Overview and Level Annotations

Branches:
Dungeon (8/15)             Temple (1/1) D:4            Lair (5/6) D:8
 Shoals (0/4) Lair:4        Snake (0/4) Lair:2        Slime (0/5) Lair:5

Altars:
Ashenzari
Cheibriados
Dithmenos
Elyvilon
Gozag
Hepliaklqana
Makhleb
Nemelex Xobeh
Okawaru
Qazlal
Ru
Sif Muna
Trog
Uskayaw
Vehumet
Wu Jian
Xom
Yredelemnul
The Shining One
Jiyva

Shops:
D:4 %   D:6 *

Annotations:
Lair:1 CasualChangeling's ghost, journeyman DrVM
Lair:2 Dast's ghost, journeyman DrCj
Lair:4 3 runed doors, Nafrigg's ghost, adept DrCj; Vuydghur's ghost, adept DrCj


Innate Abilities, Weirdness & Mutations

You are very small and have problems with some larger weapons.
You are too small for most types of armour.
You have supernaturally acute eyesight. (SInv)
You are a herbivore.
You cover ground extremely quickly.
You need to consume almost no food.


Message History

The six-headed hydra easily resists.
The blink frog blinks!
Unknown command.
Casting: Ensorcelled Hibernation (safe; 1% risk of failure)
Confirm with . or Enter, or press ? or * to list all spells.
Aiming: Ensorcelled Hibernation (safe; 1% risk of failure)
Press: ? - help, Shift-Dir - straight line, f/p - six-headed hydra
Aim: a six-headed hydra (black smoke, lightly wounded, umbra, chance to defeat The six-headed hydra easily resists.
You block the six-headed hydra's attack. x2
The six-headed hydra barely misses you.
You block the six-headed hydra's attack. x2
The six-headed hydra bites you! You block the bullfrog's attack.
Unknown command.
You enter the transporter and appear at another place.
The six-headed hydra bites you!
* * * LOW HITPOINT WARNING * * *
The six-headed hydra bites you!
* * * LOW HITPOINT WARNING * * *
The six-headed hydra misses you. The six-headed hydra bites you!
You die...

.................................
.................................
.................................
..........P.#....................
+######..#........#....##P#.####.
..P.##P..#.............####+.##..
.....##..#........#............#.
.....#...P.....F..#.....+......+.
...............D@......##.#.####.
.....##.....#########...#+..#.#..
....[##..P.##8.%?=$8##...........
#.#####..P.#.........#...........
#.P#.##....#..#...#..#...........
...........#.#.F...#.#...........
...........#....©..WW#...........
P##........#.#.....#Y#...........
...#.....#.#..#...#§§#...........


You could see a six-headed hydra, a blink frog, a bullfrog and Dast's ghost.

Vanquished Creatures
  2 hydras
  Harold (D:7)
  A two-headed ogre (D:8)
  2 lindwurms (Volcano)
  An oklob plant (Lair:5)
  8 elephants
  A toenail golem (Volcano)
  3 black mambas
  A molten gargoyle (Volcano)
  Joseph (D:7)
  4 spiny frogs
  A torpor snail (Lair:5)
  A rime drake (Lair:4)
  4 komodo dragons
  An efreet (Volcano)
  8 polar bears
  11 blink frogs
  2 hippogriffs (Lair:1)
  2 spriggans (Lair:1)
  2 fire elementals (Volcano)
  23 yaks
  A basilisk (Lair:5)
  Menkaure (D:7)
  2 wargs (D:8)
  4 nagas (Lair:2)
  A dancing weapon (D:4)
  10 water moccasins
  2 sky beasts
  2 orc warriors (D:8)
  8 porcupines
  3 ice beasts
  A phantom (D:7)
  A black bear (Lair:4)
  A wolf (Lair:1)
  3 ogres
  11 crocodiles
  15 bullfrogs
  4 earth elementals (Volcano)
  2 scorpions
  6 killer bees (D:8)
  5 howler monkeys
  4 crimson imps
  A centaur zombie (D:7)
  6 orc priests
  4 hounds
  A jelly (D:7)
  8 orc wizards
  Ijyb (D:5)
  A centaur skeleton (D:8)
  2 iguanas (D:7)
  4 worker ants
  A hound zombie (D:7)
  2 hound skeletons
  A howler monkey zombie (D:5)
  A worker ant zombie (D:5)
  8 adders
  2 shadow imps (D:7)
  An ooze (D:6)
  An adder zombie (D:5)
  An adder skeleton (D:8)
  2 worms
  3 dart slugs
  2 leopard geckos
  31 orcs
  7 bats
  2 giant cockroaches
  8 hobgoblins
  7 jackals
  7 kobolds
  6 quokkas
  2 ball pythons (D:5)
  8 frilled lizards
  6 goblins
  A jackal skeleton (D:4)
  A jackal zombie (D:8)
  A leopard gecko skeleton (D:5)
  A leopard gecko zombie (D:6)
  7 rats
  2 bushes (Lair:5)
  A butterfly (D:2)
  3 fire vortices (Volcano)
321 creatures vanquished.

Vanquished Creatures (others)
  8 fungi
  5 plants
  6 withered plants (Lair:4)
19 creatures vanquished.

Grand Total: 340 creatures vanquished

Notes
Turn   | Place    | Note
-------+----------+-------------------------------------------
     0 | D:1      | Kidiri the Spriggan Enchanter began the quest for the Orb.
     0 | D:1      | Reached XP level 1. HP: 9/9 MP: 5/5
   811 | D:1      | Reached XP level 2. HP: 11/13 MP: 6/6
   818 | D:1      | Learned a level 2 spell: Ensorcelled Hibernation
  1270 | D:2      | Found a shimmering altar of Xom.
  1314 | D:2      | Reached skill level 5 in Stealth
  1761 | D:2      | Reached XP level 3. HP: 17/17 MP: 8/8
  1766 | D:2      | Learned a level 3 spell: Confuse
  2362 | D:3      | Found a stormy altar of Qazlal.
  3130 | D:3      | Reached XP level 4. HP: 8/21 MP: 4/9
  3148 | D:2      | Learned a level 3 spell: Tukima's Dance
  3598 | D:3      | Found a sacrificial altar of Ru.
  3745 | D:3      | Found a sparkling altar of Nemelex Xobeh.
  4098 | D:4      | Found a shattered altar of Ashenzari.
  4098 | D:4      | Found a hide-covered altar of Uskayaw.
  4098 | D:4      | Found a deep blue altar of Sif Muna.
  4151 | D:4      | Reached skill level 1 in Fighting
  4151 | D:4      | Reached XP level 5. HP: 25/25 MP: 10/10
  4276 | D:4      | Noticed an ogre
  4560 | D:4      | Found a staircase to the Ecumenical Temple.
  4574 | Temple   | Entered the Ecumenical Temple
  4665 | Temple   | Became a worshipper of Dithmenos the Shadowed
  4715 | D:4      | Reached skill level 6 in Stealth
  4715 | D:4      | Reached skill level 1 in Ice Magic
  4753 | D:4      | Killed an ogre
  4753 | D:4      | Reached XP level 6. HP: 23/30 MP: 3/12
  4758 | D:4      | Learned a level 3 spell: Dazzling Spray
  5379 | D:4      | Found Lipt's Food Emporium.
  5536 | D:5      | Entered Level 5 of the Dungeon
  5559 | D:5      | Noticed Ijyb
  5572 | D:5      | Killed Ijyb
  5572 | D:5      | Reached skill level 7 in Stealth
  5627 | D:5      | Reached XP level 7. HP: 33/33 MP: 7/13
  5867 | D:5      | Reached skill level 5 in Dodging
  5895 | D:5      | Reached skill level 5 in Hexes
  5905 | D:5      | Reached skill level 8 in Stealth
  6104 | D:5      | Reached * piety under Dithmenos
  6369 | D:5      | Found a radiant altar of Vehumet.
  6595 | D:6      | You fall through a shaft!
  6604 | D:6      | Found an opulent altar of Gozag.
  6688 | D:6      | Reached XP level 8. HP: 38/39 MP: 11/15
  6747 | D:6      | Reached skill level 5 in Short Blades
  6766 | D:6      | Found Gozag's Platinum Reserve.
  7441 | D:7      | Noticed Joseph
  7471 | D:7      | Noticed Harold
  7478 | D:7      | Reached skill level 9 in Stealth
  7670 | D:7      | Killed Joseph
  7670 | D:7      | Reached skill level 5 in Spellcasting
  7822 | D:7      | Killed Harold
  7822 | D:7      | Reached ** piety under Dithmenos
  7822 | D:7      | Reached skill level 10 in Stealth
  7822 | D:7      | Reached XP level 9. HP: 44/44 MP: 15/18
  8136 | D:7      | Noticed Menkaure
  8276 | D:7      | Killed Menkaure
  8675 | D:8      | Reached skill level 11 in Stealth
  8784 | D:8      | Got a clouded ivory ring
  8786 | D:8      | Identified the ring "Dici" {rElec AC+4 Dex+7} (You found it
                  | on level 8 of the Dungeon)
  9014 | D:8      | Found a staircase to the Lair.
  9222 | D:8      | Reached *** piety under Dithmenos
  9222 | D:8      | Reached XP level 10. HP: 39/49 MP: 15/20
  9224 | D:8      | Noticed a two-headed ogre
  9232 | D:8      | Killed a two-headed ogre
  9244 | D:8      | Found an opulent altar of Gozag.
  9570 | D:8      | Found a burning altar of Makhleb.
  9660 | Lair:1   | Entered Level 1 of the Lair of Beasts
  9689 | Lair:1   | Noticed a seven-headed hydra
  9752 | Lair:1   | Reached skill level 1 in Armour
  9804 | Lair:1   | Reached skill level 1 in Shields
  9834 | Lair:1   | Reached skill level 1 in Conjurations
  9845 | Lair:1   | Noticed a spiny frog
  9856 | Lair:1   | Killed a spiny frog
  9856 | Lair:1   | Reached skill level 12 in Stealth
 10016 | Lair:1   | Noticed a spiny frog
 10023 | Lair:1   | Killed a spiny frog
 10099 | Lair:1   | Noticed a spiny frog
 10104 | Lair:1   | Killed a spiny frog
 10280 | Lair:1   | Found a runed door.
 10439 | Lair:1   | Noticed CasualChangeling's ghost (journeyman DrVM)
 10502 | Lair:1   | Killed a seven-headed hydra
 10502 | Lair:1   | Reached XP level 11. HP: 53/53 MP: 23/23
 10573 | Lair:2   | Found a transporter.
 10585 | Lair:2   | Found a transporter.
 10585 | Lair:2   | Noticed Dast's ghost (journeyman DrCj)
 10586 | Lair:2   | Noticed a six-headed hydra
 10713 | Lair:2   | Found a staircase to the Snake Pit.
 11368 | Lair:3   | Reached **** piety under Dithmenos
 11550 | Lair:3   | Noticed a five-headed hydra
 11726 | Lair:3   | Reached skill level 13 in Stealth
 12426 | Lair:3   | Killed a five-headed hydra
 12804 | Lair:4   | Found a runed gate.
 12806 | Lair:4   | Found a runed gate.
 12806 | Lair:4   | Found a runed gate.
 12841 | Lair:4   | Found a dark tunnel.
 12852 | Volcano  | Entered a volcano
 13003 | Volcano  | Noticed a lindwurm
 13003 | Volcano  | Noticed a lindwurm
 13326 | Volcano  | Killed a lindwurm
 13329 | Volcano  | Killed a lindwurm
 14206 | Volcano  | Reached XP level 12. HP: 55/59 MP: 20/25
 14545 | Lair:4   | Noticed Nafrigg's ghost (adept DrCj)
 14546 | Lair:4   | Noticed Vuydghur's ghost (adept DrCj)
 14563 | Lair:4   | Learned a level 3 spell: Conjure Flame
 14567 | Lair:4   | Learned a level 3 spell: Mephitic Cloud
 14574 | Lair:4   | Learned a level 6 spell: Freezing Cloud
 14679 | Lair:4   | Reached skill level 5 in Ice Magic
 15015 | Lair:4   | Reached skill level 5 in Fighting
 15015 | Lair:4   | Reached skill level 1 in Poison Magic
 15182 | Lair:4   | Found a burning altar of Makhleb.
 15311 | Lair:4   | Found a staircase to the Shoals.
 15343 | Lair:4   | Reached skill level 1 in Air Magic
 15520 | Lair:4   | Reached skill level 14 in Stealth
 15691 | Lair:4   | Reached skill level 10 in Short Blades
 16516 | Lair:5   | Found a staircase to the Slime Pits.
 16516 | Lair:5   | Found a viscous altar of Jiyva.
 16664 | Lair:5   | Reached skill level 10 in Spellcasting
 16804 | Lair:5   | Reached skill level 10 in Dodging
 18400 | Lair:1   | Reached XP level 13. HP: 63/63 MP: 9/28
 18591 | Lair:2   | Slain by a six-headed hydra

Vault maps used:
D:1:      mrwooster_arrival_statue_3
D:2:      xom_butterflies, serial_forest, infiniplex_forest_clump_small,
          infiniplex_forest_lined_room_2, infiniplex_forest_clump_small,
          infiniplex_forest_lined_3_way, infiniplex_forest_lined_ring,
          infiniplex_forest_zigzag_1, infiniplex_forest_clump_C
D:3:      nicolae_ru_path_of_blood, grunt_qazlal_sundering,
          nemelex_xobeh_ov_fountains_minmay
D:4:      gammafunk_temple_overflow_forgotten, temple_statues, serial_glass,
          glass_columns_a, glass_columns_b, serial_shops, nicolae_shop_trees
D:5:      lemuel_doored_altar, first_ration, uniq_ijyb
D:6:      nicolae_gozag_zags_fifth_avenue, nrook_loot_triangle
D:7:      uniq_joseph, uniq_menkaure, uniq_harold
D:8:      makhleb_grotto_becter, erik_lair_orcish_takeover, basic_altar,
          grunt_ogre_cave
Temple:   dpeg_three_leaves_temple
Lair:1:   ebering_ghost_funeral_grove
Lair:2:   minmay_snake_entry_guardpost_small, gammafunk_ghost_arena,
          serial_bayou_pond_e
Lair:3:   serial_bayou_pond_d, cheibrodos_lair_lostbears
Lair:4:   shoals_dummy_entry, enter_volcano_4, basic_altar,
          gammafunk_ghost_cemetery
Lair:5:   slime_altar_1, st_stairs_11, minmay_lair_oklob_bushes,
          infiniplex_staircase_pool
Volcano:  volcano_aerie

Skill      XL: |  1  2  3  4  5  6  7  8  9 10 11 12 |
---------------+-------------------------------------+-----
Stealth        | 5 6 7 8 10 11 12 13 14 | 14.5
Short Blades   | 2 3 4 6 7 8 9 10 | 10.5
Spellcasting   | 3 4 5 6 7 8 10 | 10.1
Hexes          | 4 5 6 7 8 |  8.8
Fighting       | 1 2 3 4 5 |  5.3
Ice Magic      | 1 2 3 4 5 |  5.4
Dodging        | 4 5 6 7 8 9 10 | 10.0
Armour         | 1 2 3 |  3.4
Shields        | 1 2 3 |  3.2
Conjurations   | 1 2 3 |  3.3
Poison Magic   | 2 |  2.2
Air Magic      | 2 |  2.1

Action                   |  1- 3 |  4- 6 |  7- 9 | 10-12 | 13-15 || total
-------------------------+-------+-------+-------+-------+-------++-------
Melee: Dagger            |   161 |    98 |   120 |       |       ||   379
       Rapier            |       |       |   238 |   344 |     4 ||   586
 Cast: Corona            |    13 |       |       |       |       ||    13
       Ensorcelled Hiber |    40 |    42 |    65 |   109 |     8 ||   264
       Confuse           |     6 |     9 |    17 |    37 |       ||    69
       Tukima's Dance    |       |     3 |       |       |       ||     3
       Dazzling Spray    |       |    11 |    19 |   128 |     2 ||   160
       Conjure Flame     |       |       |       |     5 |       ||     5
Invok: Shadow Step       |       |       |       |    11 |       ||    11
Evoke: Wand              |       |       |       |    11 |       ||    11
  Use: Scroll            |     4 |     7 |     8 |    10 |     1 ||    30
       Potion            |     1 |       |     2 |     7 |       ||    10
 Stab: Sleeping          |    34 |    25 |    43 |    93 |     2 ||   197
       Confused          |     2 |     1 |    14 |    14 |       ||    31
       Distracted        |       |     2 |     2 |       |       ||     4
       Invisible         |       |     1 |     8 |    25 |       ||    34
  Eat: Ration            |     2 |     3 |     4 |     5 |       ||    14
Armor: Robe              |    14 |     5 |    13 |    27 |     1 ||    60
Dodge: Dodged            |   134 |    84 |   361 |   314 |    14 ||   907
Block: Buckler           |       |       |    31 |   170 |    13 ||   214

Table legend:
 A = Non-vault XP
 B = Vault XP
 C = Vault XP percentage of total XP
 D = Non-vault monster count
 E = Vault monster count
 F = Vault count percentage of total count
                 A         B        C        D         E       F
            +---------+---------+-------+---------+---------+-------
      Total |   29615 |    9250 |  23.8 |     277 |      37 |  11.8
            +---------+---------+-------+---------+---------+-------
        D:1 |      25 |       0 |   0.0 |      17 |       0 |   0.0
        D:2 |      37 |       0 |   0.0 |      19 |       0 |   0.0
        D:3 |     102 |       0 |   0.0 |      27 |       0 |   0.0
        D:4 |     398 |       0 |   0.0 |      22 |       0 |   0.0
        D:5 |     742 |      38 |   4.9 |      24 |       1 |   4.0
        D:6 |     587 |       0 |   0.0 |      17 |       0 |   0.0
        D:7 |    1052 |    1582 |  60.1 |      22 |       3 |  12.0
        D:8 |    1871 |     738 |  28.3 |      25 |       9 |  26.5
     Lair:1 |    4103 |     558 |  12.0 |      14 |       3 |  17.6
     Lair:2 |    1179 |    1081 |  47.8 |       7 |       5 |  41.7
     Lair:3 |    4347 |     891 |  17.0 |      22 |       3 |  12.0
     Lair:4 |    8201 |     493 |   5.7 |      32 |       1 |   3.0
     Lair:5 |    6971 |     572 |   7.6 |      29 |       1 |   3.3
    Volcano |       0 |    3297 | 100.0 |       0 |      11 | 100.0
            +---------+---------+-------+---------+---------+-------
